 Dungeon Crawl Stone Soup version 0.22-a0-159-g7ce444f (webtiles) character file.

81 theanonym the Cudgeler (level 4, 0/35 HPs)
             Began as a Mummy Skald on Feb 9, 2018.
             Slain by an orc
             ... wielding a +0 trident
              (10 damage)
             ... on level 3 of the Dungeon.
             The game lasted 00:03:31 (2413 turns).

theanonym the Cudgeler (Mummy Skald)                Turns: 2413, Time: 00:03:31

Health: 0/35       AC:  4    Str: 15    XL:     4   Next: 20%
Magic:  7/8        EV: 11    Int: 12    God:
Gold:   104        SH:  0    Dex: 11    Spells: 7/8 levels left

rFire    x . .     SeeInvis .   a - +0 mace
rCold    + . .     Gourm    .   (no shield)
rNeg     + + +     Faith    .   d - -2 ring mail (curse)
rPois    ∞         Spirit   .   (no helmet)
rElec    .         Reflect  .   h - +0 cloak
rCorr    .         Harm     .   (no gloves)
MR       .....                  (no boots)
Stlth    +.........             (no amulet)
HPRegen  0.11/turn              (no ring)
MPRegen  0.11/turn              (no ring)

@: infused
A: no food or potions, fire vulnerability, cold resistance 1, negative energy
resistance 3, torment resistance, unbreathing
a: no special abilities


Innate Abilities, Weirdness & Mutations

You do not eat or drink.
Your flesh is vulnerable to fire.
You are immune to poison.
Your flesh is cold resistant. (rC+)
You are immune to negative energy. (rN+++)
You are immune to unholy pain and torment.
You can survive without breathing.


   Skills:
 + Level 3.0 Fighting
 * Level 3.2 Maces & Flails
 - Level 0.7 Armour
 - Level 1.5 Dodging
 - Level 2.6 Spellcasting
 - Level 2.4 Charms


You had 7 spell levels left.
You knew the following spells:

 Your Spells              Type           Power        Failure   Level  Hunger
a - Infusion              Chrm           #...         19%         1    N/A

Skill      XL: |  1  2  3  4 |
---------------+-------------+-----
Maces & Flails | 2 3 |  3.2
Fighting       | 3 |  3.0
Armour         | |  0.7
Dodging        | |  1.5
Spellcasting   | |  2.6
Charms         | |  2.4

Action                   |  1- 3 |  4- 6 || total
-------------------------+-------+-------++-------
Melee: Mace              |   118 |    19 ||   137
 Cast: Infusion          |    12 |     3 ||    15
  Use: Scroll            |     6 |     1 ||     7
Armor: Ring mail         |    43 |     6 ||    49
Dodge: Dodged            |    70 |    16 ||    86

Inventory:

Hand Weapons
 a - a +0 mace (weapon)
Missiles
 g - a throwing net (quivered)
Armour
 b - a +0 leather armour
 d - a cursed -2 ring mail (worn)
   (You found it on level 1 of the Dungeon)
 e - a cursed -2 ring mail
   (You found it on level 2 of the Dungeon)
 h - a +0 cloak (worn)
   (You found it on level 2 of the Dungeon)
Scrolls
 f - a scroll of amnesia
 r - a scroll of identify
 y - a scroll of magic mapping
Books
 c - a book of Battle
 i - a book of Minor Magic
   (You found it on level 2 of the Dungeon)


You were on level 3 of the Dungeon.
You were not hungry.

You visited 1 branch of the dungeon, and saw 3 of its levels.

You collected 104 gold pieces.

Dungeon Overview and Level Annotations

Branches:
Dungeon (3/15)

Altars:
Trog
Wu Jian

*,* #..#####(##.#
#.# #..# #.##.# #.#
#..# #.##.# #.#
#..#####.##.#
**#.####..##....<...
*,..................
*,#o##.#..#.##..#..#
*,#o##.#..#.##..#..#
*,#@##,#..#.##..#..#
*,#.#*,#.......†...#
*,#.#*,#...........#
*,#.#*,##.......###.
*,#.#*,##......####.
*,#.#*,........#....
*,#.#**##........##.
*,..# #.#.........
**#.# #.##.#######


You could see 2 orcs.

Notes
Turn   | Place    | Note
-------+----------+-------------------------------------------
     0 | D:1      | theanonym the Mummy Skald began the quest for the Orb.
     0 | D:1      | Reached XP level 1. HP: 16/16 MP: 4/4
   274 | D:1      | Reached skill level 2 in Maces & Flails
   299 | D:1      | Reached XP level 2. HP: 12/22 MP: 1/5
   315 | D:1      | HP: 11/22 [leopard gecko (3)]
   849 | D:2      | HP: 11/23 [adder (1)]
  1116 | D:2      | Found an ornate altar of the Wu Jian Council.
  1120 | D:2      | Reached XP level 3. HP: 24/28 MP: 2/7
  1769 | D:2      | Found a bloodstained altar of Trog.
  1977 | D:3      | Reached skill level 3 in Maces & Flails
  2001 | D:3      | Reached XP level 4. HP: 24/34 MP: 3/8
  2176 | D:3      | Reached skill level 3 in Fighting
  2315 | D:3      | HP: 17/35 [orc/trident (2)]
  2321 | D:3      | HP: 6/35 [orc priest/divine providence (12)]
  2409 | D:3      | HP: 13/35 [orc/club (3)]
  2413 | D:3      | Slain by an orc

Vanquished Creatures
  A hound skeleton (D:3)
  3 adders
  2 worms
  2 dart slugs
  A leopard gecko (D:1)
  4 bats
  2 giant cockroaches
  4 hobgoblins
  5 kobolds
  A quokka (D:3)
  2 frilled lizards (D:1)
  4 goblins
  4 rats
35 creatures vanquished.

Table legend:
 A = Turns spent in this place as a percentage of turns spent in the entire game.
 B = Non-inter-level travel turns spent in this place as a percentage of non-inter-level travel turns spent in the entire game.
 C = Inter-level travel turns spent in this place as a percentage of turns spent in this place.
 D = Turns resting spent in this place as a percentage of non-inter-level travel turns spent in this place.
 E = Turns spent auto-exploring this place as a percentage of non-inter-level travel turns spent in this place.
 F = Non-inter-level travel turns spent in this place divided by the number of levels of this place that you've seen.
                   A       B       C       D       E      F
               +-------+-------+-------+-------+-------+----------------------
         Total | 100.0 | 100.0 |   1.0 |  27.7 |  59.5 | 796.7
       Dungeon | 100.0 | 100.0 |   1.0 |  27.7 |  59.5 | 796.7
               +-------+-------+-------+-------+-------+----------------------
